 Dungeon Crawl Stone Soup version 0.23.2-33-g5129a83184 (webtiles) character file.

Game seed: 16974193741406862898

28639 H0rd4k the Eclecticist (level 13, -38/65 HPs)
             Began as a Deep Elf Wizard on July 3, 2019.
             Was a High Priest of Sif Muna.
             Killed from afar by a frost giant (48 damage)
             ... with a bolt of cold
             ... on level 12 of the Dungeon on July 4, 2019.
             The game lasted 01:06:22 (18119 turns).

H0rd4k the Eclecticist (Deep Elf Wizard)           Turns: 18119, Time: 01:06:22

Health: -38/65     AC:  8    Str:  4    XL:     13   Next: 10%
Magic:  21/45      EV: 15    Int: 37    God:    Sif Muna [*****.]
Gold:   686        SH:  0    Dex: 15    Spells: 10/46 levels left

rFire    + . .     SeeInvis +   a - +6 rapier of Extinguishment {pierce, rF+ MP+9 Dex+2}
rCold    . . .     Gourm    .   (no shield)
rNeg     . . .     Faith    .   k - +2 robe {MR+}
rPois    +         Spirit   .   O - +2 hat {SInv}
rElec    .         Reflect  .   (no cloak)
rCorr    .         Harm     .   (no gloves)
MR       ++...                  T - +1 pair of boots
Stlth    +++.......             f - amulet of Siacahuo {*Slow +Fly Regen+ Int+2}
HPRegen  0.60/turn              l - ring of poison resistance
MPRegen  0.29/turn              H - +6 ring of intelligence

@: no status effects
A: no striking features
a: Divine Energy, Channel Magic, Forget Spell, Renounce Religion, Evoke Flight


You were on level 12 of the Dungeon.
You worshipped Sif Muna.
Sif Muna was extremely pleased with you.
You were not hungry.

You visited 2 branches of the dungeon, and saw 13 of its levels.

You collected 686 gold pieces.

Inventory:

Hand Weapons
 a - the +6 rapier of Extinguishment (weapon) {pierce, rF+ MP+9 Dex+2}
   (You found it on level 11 of the Dungeon)

   It inflicts extra damage upon your enemies.
   It affects your dexterity (+2).
   It protects you from fire.
   It affects your magic capacity (+9).
 r - the +8 long sword of Wu Jian's Regard {flame, rElec}
   (You found it on level 8 of the Dungeon)

   It has been specially enchanted to burn those struck by it, causing extra
   injury to most foes and up to half again as much damage against particularly
   susceptible opponents.
   Big, fiery blades are also staple armaments of hydra-hunters.
   It insulates you from electricity.
 A - a +4 short sword of venom
Armour
 k - a +2 robe of magic resistance (worn)
 O - a +2 hat of see invisible (worn)
 T - a +1 pair of boots (worn)
 V - a +1 robe of cold resistance
Jewellery
 b - an uncursed ring of wizardry
 c - an uncursed ring of ice
 f - the amulet of Siacahuo (around neck) {*Slow +Fly Regen+ Int+2}
   (You acquired it on level 7 of the Dungeon)

   [amulet of regeneration]

   It affects your intelligence (+2).
   It lets you fly.
   It increases your rate of regeneration.
   It may slow you when you take damage.
 i - an uncursed ring of fire
 l - a ring of poison resistance (left hand)
 q - a +2 ring of dexterity
 x - an uncursed amulet of harm {unknown}
 D - an uncursed ring of protection from magic
 E - an uncursed ring of positive energy
 H - a +6 ring of intelligence (right hand)
 I - an uncursed amulet of regeneration
 U - an uncursed ring of ice
Wands
 w - a wand of enslavement (10)
 y - a wand of acid (10)
 B - a wand of scattershot (10)
 C - a wand of polymorph (10)
 K - a wand of flame (24)
 Q - a wand of disintegration (13)
Scrolls
 e - a scroll of blinking
 h - 5 scrolls of remove curse
 o - a scroll of enchant armour
 s - a scroll of identify
 t - 3 scrolls of enchant weapon
 F - 3 scrolls of summoning
 G - 2 scrolls of fog
 M - a scroll of magic mapping
 N - a scroll of amnesia
 S - 2 scrolls of teleportation
Potions
 g - a potion of brilliance
 j - a potion of berserk rage {unknown}
 m - 3 potions of might
 n - a potion of agility {unknown}
 p - a potion of haste
 u - a potion of invisibility {unknown}
 v - 5 potions of heal wounds
 z - 3 potions of magic
 J - 3 potions of ambrosia
 L - 5 potions of curing {unknown}
 P - a potion of lignification {unknown}
 R - a potion of resistance
Comestibles
 d - 26 rations


   Skills:
 + Level 1.4 Fighting
 + Level 1.0 Long Blades
 + Level 4.7 Dodging
 + Level 5.0 Stealth
 + Level 17.3 Spellcasting
 + Level 12.1 Conjurations
 - Level 7.5 Hexes
   Level 1.1 Summonings
 - Level 7.7 Translocations
 + Level 0.8 Transmutations
 + Level 8.2 Fire Magic
 + Level 2.8 Invocations
 + Level 2.9 Evocations


You had 10 spell levels left.
You knew the following spells:

 Your Spells              Type           Power        Failure   Level  Hunger
a - Magic Dart            Conj           ####         0%          1    None
b - Blink                 Tloc           N/A          1%          2    None
c - Conjure Flame         Conj/Fire      #######.     1%          3    None
d - Confusing Touch       Hex            ######       1%          1    None
e - Gell's Gravitas       Tloc           ######....   1%          3    None
f - Fireball              Conj/Fire      #######...   1%          5    None
g - Yara's Violent Unrav  Hex/Tmut       ######....   4%          5    None
h - Orb of Destruction    Conj           #######...   6%          7    ##.....
i - Inner Flame           Hex/Fire       ######..     1%          3    None
j - Invisibility          Hex            ######..     7%          6    None

Your spell library contained the following spells:

 Spells                   Type           Power        Failure   Level  Hunger
 Flame Tongue             Conj/Fire      #####        0%          1    None
 Shock                    Conj/Air       ####         1%          1    None
 Call Imp                 Summ           #####...     1%          2    None
 Slow                     Hex            ######..     1%          2    None
 Throw Flame              Conj/Fire      ######       1%          2    None
 Confuse                  Hex            ######..     1%          3    None
 Dazzling Spray           Conj/Hex       ######       1%          3    None
 Mephitic Cloud           Conj/Pois/Air  ######..     1%          3    None
 Spectral Weapon          Hex/Chrm       ######..     1%          3    None
 Static Discharge         Conj/Air       ######..     1%          3    None
 Iskenderun's Mystic Bla  Conj           #######.     1%          4    None
 Sticky Flame             Conj/Fire      #######.     1%          4    None
 Iskenderun's Battlesphe  Conj/Chrm      ######..     2%          5    None
 Venom Bolt               Conj/Pois      ######....   2%          5    None
 Summon Forest            Summ/Tloc      ######....   4%          5    None
 Metabolic Englaciation   Hex/Ice        ######....   6%          5    None
 Darkness                 Hex            ######....   7%          6    None
 Petrify                  Tmut/Erth      #####...     9%          4    None
 Aura of Abjuration       Summ           #####.....   19%         5    None
 Summon Demon             Summ           #####.....   19%         5    None
 Spellforged Servitor     Conj/Summ      ######....   50%         7    ##.....
 Shadow Creatures         Summ           N/A          69%         6    None
 Summon Hydra             Summ           #####.....   99%         7    ##.....
 Summon Horrible Things   Summ           #####.....   100%        8    #####..
 Glaciate                 Conj/Ice       ######....   100%        9    ######.


Dungeon Overview and Level Annotations

Branches:
Dungeon (12/15)            Temple (1/1) D:6            Lair (0/6) D:8
    Orc: D:9-12

Altars:
Ashenzari
Cheibriados
Dithmenos
Elyvilon
Fedhas
Gozag
Hepliaklqana
Kikubaaqudgha
Makhleb
Nemelex Xobeh
Okawaru
Qazlal
Ru
Sif Muna
Trog
Uskayaw
Vehumet
Wu Jian
Xom
Yredelemnul
Zin
The Shining One

Shops:
D:5 [

Annotations:
D:2 exclusion: downstairs
D:3 exclusions: downstairs and hungry ghost
D:4 exclusion: downstairs
D:5 exclusion: downstairs
D:9 exclusion: 2 downstairs
D:10 1 runed translucent door, exclusions: 2 downstairs and skeleton
D:12 exclusion: frost giant


Message History

Aiming: Fireball (safe; 1% risk of failure)
Press: ? - help, Shift-Dir - straight line, f/p - frost giant
Aim: a frost giant, wielding a +1 battleaxe of freezing (heavily wounded)
The fireball explodes!
The fireball engulfs the frost giant.
The frost giant is severely wounded.
You hear a shout!
The frost giant casts a spell at you. The bolt of cold hits you!!
* * * LOW HITPOINT WARNING * * *
Casting: Fireball (safe; 1% risk of failure)
Confirm with . or Enter, or press ? or * to list all spells.
Aiming: Fireball (safe; 1% risk of failure)
Press: ? - help, Shift-Dir - straight line, f/p - frost giant
Aim: a frost giant, wielding a +1 battleaxe of freezing (heavily wounded)
The fireball explodes!
The fireball engulfs the frost giant!!
The frost giant is severely wounded.
The frost giant casts a spell at you. The bolt of cold hits you!!!
Ouch! That really hurt!
You die...

..............##.#†....'......#..
####..........##.#.....#.........
# #..........##.##...##'##......
≈≈ ####.......##..#####...##.....
≈≈ #.......##....[#.....#.....
≈≈≈≈≈##...####.#....)'.....#..#.†
§..............#.....#.....#.....
≈≈≈≈≈≈≈###...#.#..#####...##.....
≈≈≈≈≈≈# #...#.#@## ##'##......
≈≈≈≈≈#####...#.#.# #.........
...............#.# +......#..
.............###C# ##..C.....
.............# #'# ###......
...........###.. ##.....
^...........##... #.....
............##.... ##...#
............##..### #...#


You could see a frost giant.

Vanquished Creatures
  Gastronok (D:10)
  Snorg (D:11)
  An ettin (D:12)
  Fannar (D:11)
  Erolcha (D:10)
  Erica (D:10)
  4 two-headed ogres
  A deep troll earth mage (D:12)
  Nergalle (D:11)
  An unseen horror (D:11)
  Pikel (D:5)
  5 ugly things
  2 cyclopes (D:11)
  A deep elf mage (D:12)
  A manticore (D:11)
  A gargoyle (D:9)
  A komodo dragon (D:11)
  A troll (D:12)
  A hornet (D:8)
  2 hippogriffs
  A shadow (D:12)
  32 yaks
  A vampire (D:12)
  2 wyverns
  A wraith (D:10)
  A steam dragon (D:10)
  2 basilisks (D:8)
  2 vampire mosquitoes (D:12)
  A hungry ghost (D:11)
  A soldier ant (D:10)
  4 water moccasins
  6 orc warriors
  A porcupine (D:8)
  Purgy (D:4)
  5 ice beasts
  A sky beast (D:7)
  5 phantoms
  A necrophage (D:6)
  A centaur (D:10)
  An eye of draining (shapeshifter) (D:12)
  10 ogres
  2 crocodiles (D:8)
  Blork the orc (D:6)
  8 bullfrogs
  A wyvern zombie (D:10)
  A water moccasin zombie (D:7)
  A wyvern skeleton (D:5)
  A jelly (D:11)
  3 scorpions
  9 killer bees
  5 wights (D:11)
  2 howler monkeys
  4 centaur zombies
  6 crimson imps
  3 quasits
  5 hounds
  9 orc priests
  2 centaur skeletons
  4 bullfrog skeletons
  3 iron imps (D:7)
  Jessica (D:2)
  5 iguanas
  10 orc wizards
  Natasha (D:4)
  4 worker ants
  A hound zombie (D:5)
  2 hound skeletons
  A worker ant zombie (D:10)
  8 gnolls
  A howler monkey skeleton (D:9)
  13 adders
  3 shadow imps
  2 adder skeletons
  A worm (D:3)
  A dart slug (D:1)
  6 leopard geckos
  46 orcs
  5 giant cockroaches
  10 goblins
  9 hobgoblins
  8 jackals
  3 quokkas
  A ball python (D:6)
  9 bats
  5 frilled lizards
  2 kobolds
  A leopard gecko zombie (D:6)
  4 rats
342 creatures vanquished.

Vanquished Creatures (others)
  4 slaves (D:6)
  An orc warrior (D:6)
  An orc priest (D:6)
  A worker ant zombie (D:6)
  An orc (D:6)
  A fungus (D:8)
  4 plants (D:8)
13 creatures vanquished.

Grand Total: 355 creatures vanquished

Notes
Turn   | Place    | Note
-------+----------+-------------------------------------------
     0 | D:1      | H0rd4k the Deep Elf Wizard began the quest for the Orb.
     0 | D:1      | Reached XP level 1. HP: 10/10 MP: 7/7
   235 | D:1      | Reached XP level 2. HP: 15/15 MP: 7/9
   300 | D:1      | Reached skill level 5 in Spellcasting
  1073 | D:2      | Reached XP level 3. HP: 19/19 MP: 6/11
  1077 | D:2      | Learned a level 2 spell: Blink
  1081 | D:2      | Learned a level 3 spell: Conjure Flame
  1774 | D:2      | Noticed Jessica
  1776 | D:2      | Killed Jessica
  1776 | D:2      | Reached skill level 6 in Spellcasting
  1776 | D:2      | Reached XP level 4. HP: 24/24 MP: 11/14
  2011 | D:3      | Reached XP level 5. HP: 24/28 MP: 4/15
  2231 | D:4      | Noticed Purgy
  2245 | D:3      | Reached skill level 7 in Spellcasting
  2690 | D:3      | Reached XP level 6. HP: 32/32 MP: 12/18
  2702 | D:3      | Noticed a hungry ghost
  2963 | D:3      | Found a hazy altar of Hepliaklqana.
  2964 | D:3      | Found a sacrificial altar of Ru.
  3420 | D:4      | Noticed Natasha
  3425 | D:4      | Killed Natasha
  3482 | D:4      | Found a deep blue altar of Sif Muna.
  3542 | D:4      | Became a worshipper of Sif Muna the Loreminder
  3638 | D:4      | Reached skill level 8 in Spellcasting
  3721 | D:4      | Found an iron altar of Okawaru.
  3730 | D:4      | Reached skill level 5 in Conjurations
  3730 | D:4      | Reached XP level 7. HP: 36/36 MP: 10/20
  3821 | D:4      | Killed Purgy
  4026 | D:5      | Entered Level 5 of the Dungeon
  4149 | D:5      | Reached skill level 9 in Spellcasting
  4396 | D:5      | Found Mapehoumn's Armour Shoppe.
  4476 | D:5      | Learned a level 1 spell: Confusing Touch
  4480 | D:5      | Learned a level 3 spell: Gell's Gravitas
  4507 | D:5      | Reached * piety under Sif Muna
  4666 | D:5      | Reached skill level 1 in Hexes
  4666 | D:5      | Reached XP level 8. HP: 22/41 MP: 15/23
  5062 | D:6      | Noticed Pikel
  5091 | D:5      | Killed Pikel
  5091 | D:5      | Reached skill level 10 in Spellcasting
  5091 | D:5      | Reached skill level 1 in Fire Magic
  5602 | D:6      | Found an opulent altar of Gozag.
  5788 | D:6      | Reached skill level 1 in Fighting
  5791 | D:6      | Reached ** piety under Sif Muna
  6381 | D:5      | Reached XP level 9. HP: 25/47 MP: 13/25
  7124 | D:6      | Reached skill level 11 in Spellcasting
  7130 | D:6      | Reached skill level 5 in Translocations
  7225 | D:6      | Noticed Blork the orc
  7248 | D:6      | Killed Blork the orc
  7398 | D:6      | Noticed a two-headed ogre
  7620 | D:6      | Reached *** piety under Sif Muna
  7639 | D:6      | Found a staircase to the Ecumenical Temple.
  7648 | Temple   | Entered the Ecumenical Temple
  7860 | D:6      | Reached skill level 5 in Hexes
  8306 | D:6      | Killed a two-headed ogre
  8794 | D:7      | Reached skill level 12 in Spellcasting
  8919 | D:7      | Reached XP level 10. HP: 48/52 MP: 8/28
  9524 | D:7      | Found a burning altar of Makhleb.
  9758 | D:7      | Reached **** piety under Sif Muna
  9773 | D:7      | Identified a scroll of acquirement
  9774 | D:7      | Got a glittering crystal amulet
  9775 | D:7      | Identified the amulet of Siacahuo {*Slow +Fly Regen+ Int+2}
                  | (You acquired it on level 7 of the Dungeon)
 10664 | D:8      | Found a staircase to the Lair.
 11119 | D:8      | Got an ancient long sword
 11120 | D:8      | Identified the +8 long sword of Wu Jian's Regard {flame,
                  | rElec} (You found it on level 8 of the Dungeon)
 11138 | D:8      | Found a shimmering altar of Xom.
 11423 | D:8      | Learned a level 5 spell: Fireball
 11429 | D:8      | Learned a level 5 spell: Yara's Violent Unravelling
 11624 | D:9      | Found a blossoming altar of Fedhas.
 11732 | D:9      | Reached skill level 13 in Spellcasting
 11933 | D:9      | Found a hide-covered altar of Uskayaw.
 11935 | D:9      | Reached ***** piety under Sif Muna
 12044 | D:9      | Identified Imuy's Tome of the Escort and Combat Magic
 12048 | D:9      | Noticed a white ugly thing
 12054 | D:9      | Killed a white ugly thing
 12099 | D:9      | Found a shattered altar of Ashenzari.
 12324 | D:9      | Found a white marble altar of Elyvilon.
 12341 | D:9      | Reached XP level 11. HP: 52/56 MP: 20/30
 12401 | D:9      | Found a bloodstained altar of Trog.
 12401 | D:9      | Noticed a two-headed ogre
 12405 | D:9      | Killed a two-headed ogre
 12405 | D:9      | Identified Sif Muna's Guide on Ensnaring Conjuration (Sif
                  | Muna gifted it to you on level 9 of the Dungeon)
 12405 | D:9      | Received a gift from Sif Muna
 12726 | D:10     | Entered Level 10 of the Dungeon
 12800 | D:10     | Noticed Erolcha
 12822 | D:10     | Reached skill level 14 in Spellcasting
 12973 | D:10     | Noticed Erica
 13010 | D:10     | Killed Erolcha
 13010 | D:10     | Reached skill level 10 in Conjurations
 13153 | D:10     | Noticed Gastronok
 13322 | D:10     | Killed Gastronok
 13322 | D:10     | Reached skill level 15 in Spellcasting
 13396 | D:10     | Killed Erica
 13396 | D:10     | Reached skill level 5 in Fire Magic
 14085 | D:10     | Found a runed translucent door.
 14085 | D:10     | Noticed a white ugly thing
 14090 | D:10     | Killed a white ugly thing
 14090 | D:10     | Noticed a wolf spider
 14134 | D:10     | Noticed an ogre mage
 14151 | D:10     | Reached skill level 1 in Evocations
 14171 | D:10     | Reached XP level 12. HP: 61/61 MP: 9/33
 14350 | D:10     | Reached skill level 1 in Invocations
 14955 | D:11     | Noticed a two-headed ogre
 15272 | D:11     | Reached skill level 1 in Long Blades
 15411 | D:11     | Identified Sif Muna's Guide on Congealing Combat Magic (Sif
                  | Muna gifted it to you on level 11 of the Dungeon)
 15411 | D:11     | Received a gift from Sif Muna
 15424 | D:10     | Learned a level 7 spell: Orb of Destruction
 15557 | D:11     | Killed a two-headed ogre
 15802 | D:11     | Learned a level 3 spell: Inner Flame
 15810 | D:11     | Got a faintly glowing rapier
 15815 | D:11     | Identified the +6 rapier of Extinguishment {pierce, rF+
                  | MP+9 Dex+2} (You found it on level 11 of the Dungeon)
 15875 | D:11     | Noticed Nergalle
 15883 | D:11     | Killed Nergalle
 15883 | D:11     | Reached skill level 16 in Spellcasting
 16634 | D:11     | Noticed Snorg
 16645 | D:11     | Killed Snorg
 16864 | D:11     | Noticed Fannar
 16889 | D:11     | Killed Fannar
 17303 | D:12     | Reached skill level 17 in Spellcasting
 17596 | D:12     | Learned a level 6 spell: Invisibility
 17657 | D:12     | Found an ancient bone altar of Kikubaaqudgha.
 17657 | D:12     | Noticed a two-headed ogre
 17662 | D:12     | Killed a two-headed ogre
 17765 | D:12     | Identified Sif Muna's Compendium of Calling (Sif Muna
                  | gifted it to you on level 12 of the Dungeon)
 17765 | D:12     | Received a gift from Sif Muna
 17765 | D:12     | Reached XP level 13. HP: 65/65 MP: 27/36
 17847 | D:12     | Reached skill level 5 in Stealth
 17981 | D:12     | Noticed an ettin
 17991 | D:12     | Killed an ettin
 18111 | D:12     | Noticed a frost giant
 18119 | D:12     | Killed from afar by a frost giant

Skill      XL: |  1  2  3  4  5  6  7  8  9 10 11 12 13 |
---------------+----------------------------------------+-----
Spellcasting   | 5 6 7 8 9 10 12 13 15 17 | 17.3
Conjurations   | 2 3 5 6 7 9 10 11 12 | 12.1
Stealth        | 3 4 5 |  5.0
Dodging        | 3 4 |  4.7
Hexes          | 1 3 5 7 |  7.5
Translocations | 4 6 7 |  7.7
Fire Magic     | 1 2 5 8 |  8.2
Fighting       | 1 |  1.4
Evocations     | 1 2 |  2.9
Invocations    | 2 |  2.8
Long Blades    | 1 |  1.0
Summonings     | |  1.1
Transmutations | |  0.8

Action                   |  1- 3 |  4- 6 |  7- 9 | 10-12 | 13-15 || total
-------------------------+-------+-------+-------+-------+-------++-------
 Cast: Magic Dart        |   108 |   135 |   256 |   307 |     3 ||   809
       Blink             |       |     1 |    19 |    28 |     1 ||    49
       Conjure Flame     |       |     3 |    50 |    86 |     1 ||   140
       Gell's Gravitas   |       |       |    24 |    37 |       ||    61
       Confusing Touch   |       |       |     1 |       |       ||     1
       Fireball          |       |       |       |   129 |    18 ||   147
       Yara's Violent Un |       |       |       |     4 |       ||     4
       Inner Flame       |       |       |       |     4 |       ||     4
       Orb of Destructio |       |       |       |     1 |       ||     1
  Use: Scroll            |       |       |     3 |    19 |     1 ||    23
       Potion            |       |       |       |     1 |       ||     1
  Eat: Chunk             |     2 |     3 |     9 |    17 |     1 ||    32
       Ration            |       |     1 |     2 |     3 |       ||     6
Armor: Robe              |     4 |     8 |     6 |    36 |       ||    54
Dodge: Dodged            |    21 |    15 |    49 |    97 |       ||   182
       Rpst.: Long sword |       |       |       |    23 |       ||    23
